 Dungeon Crawl Stone Soup version 0.14-a0-2400-gb2944a8 (webtiles) character file.

544 MarkusH the Chucker (level 7, -3/45 HPs)
             Began as a Formicid Hunter on Feb 3, 2014.
             Slain by an adder (4 damage)
             ... on Level 3 of the Dungeon.
             The game lasted 00:12:22 (3910 turns).

MarkusH the Chucker (Formicid Hunter)               Turns: 3910, Time: 00:12:22

HP  -3/45        AC  9     Str 17      XL: 7   Next: 65%
MP   8/8         EV  8     Int 10      God:
Gold 50          SH  0     Dex 13      Spells:  0 memorised,  6 levels left

rFire  . . .     SeeInvis +     a - +1,+2 short sword
rCold  . . .     Clarity  .     k - +0 scale mail
rNeg   . . .     Conserve .     (no shield)
rPois  x         rCorr    .     (helmet unavailable)
rElec  .         rRot     .     (no cloak)
SustAb . .       Spirit   .     (no gloves)
rMut   .         Warding  .     h - +0 pair of dwarf boots
Saprov . . .     Stasis   +     (no amulet)
MR     +....                    l - ring of hunger
                                j - ring of flight

@: quite poisoned, somewhat resistant to hostile enchantments, extremely
unstealthy
A: permanent stasis, dig shafts and tunnels, four strong arms, poison weakness,
antennae 3, fast metabolism 2, magic resistance 1, exoskeleton 1
a: Dig, Shaft Self, Evoke Flight


You were on level 3 of the Dungeon.
You were starving.

You visited 1 branch of the dungeon, and saw 3 of its levels.

You collected 50 gold pieces.

Inventory:

Hand weapons
 a - a +1,+2 short sword (weapon)
Armour
 h - a +0 pair of dwarven boots (worn)
 k - a +0 scale mail (worn)
Magical devices
 b - a wand of flame (0)
Comestibles
 f - a bread ration
 g - a meat ration
Scrolls
 d - a scroll of enchant weapon II
 m - a scroll of curse weapon {unknown}
 n - a scroll of remove curse
Jewellery
 e - an uncursed ring of protection from magic {unknown}
 j - a ring of flight (left hand)
 l - a ring of hunger (right hand)


   Skills:
 + Level 2.9 Fighting
 + Level 3.2 Short Blades
 + Level 4.2 Throwing
 + Level 4.2 Armour
 + Level 3.5 Dodging
 + Level 1.5 Stealth
 + Level 1.2 Evocations


You had 6 spell levels left.
You didn't know any spells.

Dungeon Overview and Level Annotations

Branches:
Dungeon (3/16)

Altars:
Ashenzari


Innate Abilities, Weirdness & Mutations

Your are under a permanent stasis effect.
You can dig through walls and to a lower floor.
Your four strong arms can wield any weapon, most with a shield.
You are susceptible to poison.
You have a pair of large antennae on your head (SInv).
Your body is surrounded by an exoskeleton. (AC +1)
You have a very fast metabolism.
You are resistant to hostile enchantments.


Message History

The adder is moderately wounded.
* * * LOW HITPOINT WARNING * * *
You feel sick. The adder bites you but does no damage.
You miss the adder.
The adder is moderately wounded.
* * * LOW HITPOINT WARNING * * *
You feel sick. The adder bites you but does no damage.
The adder bites you but does no damage.
You miss the adder.
The adder is moderately wounded.
* * * LOW HITPOINT WARNING * * *
You feel sick. The adder bites you but does no damage.
You miss the adder.
The adder is moderately wounded.
* * * LOW HITPOINT WARNING * * *
You feel sick. The adder bites you but does no damage.
You hit the adder but do no damage.
The adder is moderately wounded.
The adder bites you.
You die...

# #..# ##.. # #..# ... #
#..# ... # #..# .#.. #
#..# #># # #..# .. ##
#####..# .#.(#
#......##############(...#
..####.........)@S..%.(#
..# ###################
..# ..# ..# ..# ..# ..# ..


You could see an adder.

Vanquished Creatures
  Grinder (D:3)
  Sigmund (D:2)
  Natasha (twice) (D:3)
  An orc wizard (D:3)
  Jessica (D:3)
  5 adders
  A worm (D:2)
  2 giant geckos (D:2)
  An ooze (D:2)
  An orc (D:2)
  9 bats
  2 giant cockroaches
  6 hobgoblins
  3 jackals (D:3)
  A quokka (D:2)
  3 ball pythons
  2 giant newts
  6 goblins
  3 kobolds
  A kobold zombie (D:3)
  4 rats
56 creatures vanquished.

Notes
Turn   | Place    | Note
--------------------------------------------------------------
     0 | D:1      | MarkusH, the Formicid Hunter, began the quest for the Orb.
     0 | D:1      | Reached XP level 1. HP: 14/14 MP: 1/1
     5 | D:1      | Noticed a six-headed hydra
    12 | D:1      | Noticed an anaconda
   323 | D:1      | Reached XP level 2. HP: 16/19 MP: 2/2
   981 | D:1      | Reached XP level 3. HP: 22/24 MP: 3/3
  1725 | D:2      | Reached skill level 1 in Armour
  1725 | D:2      | Reached XP level 4. HP: 29/29 MP: 4/4
  2445 | D:2      | Noticed Sigmund
  2450 | D:2      | Gained mutation: You have a fast metabolism. [potion of mutation]
  2450 | D:2      | Gained mutation: You have a very fast metabolism. [potion of mutation]
  2450 | D:2      | Gained mutation: You are resistant to hostile enchantments. [potion of mutation]
  2457 | D:2      | Killed Sigmund
  2457 | D:2      | Reached XP level 5. HP: 5/35 MP: 5/5
  3227 | D:3      | Noticed Grinder
  3274 | D:3      | Found a shattered altar of Ashenzari.
  3287 | D:3      | Noticed Natasha
  3293 | D:3      | Killed Natasha
  3293 | D:3      | Reached XP level 6. HP: 36/41 MP: 6/6
  3464 | D:3      | Killed Grinder
  3464 | D:3      | Reached skill level 4 in Throwing
  3464 | D:3      | Reached XP level 7. HP: 10/45 MP: 8/8
  3755 | D:3      | Reached skill level 1 in Evocations
  3856 | D:3      | Noticed Natasha
  3860 | D:3      | Killed Natasha
  3865 | D:3      | Noticed Jessica
  3901 | D:3      | Killed Jessica
  3907 | D:3      | HP: 2/45 [poisoned by an adder]
  3910 | D:3      | Slain by an adder

Action                   |  1- 3 |  4- 6 |  7- 9 || total
-------------------------+-------+-------+-------++-------
Melee: Short sword       |    85 |    91 |    59 ||   235
Throw: Large rock        |    14 |    26 |     4 ||    44
       Throwing net      |       |     3 |     2 ||     5
Evoke: Wand              |       |     5 |       ||     5
  Use: Scroll            |     3 |     3 |       ||     6
       Potion            |       |     4 |     1 ||     5
 Stab: Held in net/web   |       |       |     1 ||     1
